 Dungeon Crawl Stone Soup version 0.29.1-15-g9cfb28693d (webtiles) character file.

Game seed: 9723841876628544841

997 Eitelfritz the Slasher (level 7, -1/60 HPs)
             Began as a Minotaur Gladiator on Apr 14, 2023.
             Was an Initiate of Hepliaklqana.
             Slain by a seven-headed hydra (2 damage)
             ... on level 6 of the Dungeon.
             The game lasted 00:11:57 (6448 turns).

Eitelfritz the Slasher (Minotaur Gladiator)         Turns: 6448, Time: 00:11:58

Health: -1/60      AC: 15    Str: 19    XL:     7   Next: 99%
Magic:  6/6        EV: 11    Int:  7    God:    Hepliaklqana [......]
Gold:   261        SH:  0    Dex: 11    Spells: 6/6 levels left

rFire   . . .      SeeInvis .   l - +1 morningstar (protect)
rCold   . . .      Faith    .   (no shield)
rNeg    . . .      Spirit   .   s - +0 scale mail
rPois   .          Reflect  .   c - +0 hat
rElec   .          Harm     .   (no cloak)
rCorr   .          Rampage  .   (no gloves)
Will    .....                   r - +0 pair of boots
Stlth   ..........              (no amulet)
HPRegen 0.20/turn               (no ring)
MPRegen 0.10/turn               (no ring)

@: mighty, under a protective aura
A: horns 2, retaliatory headbutt
a: Renounce Religion


You were on level 6 of the Dungeon.
You worshipped Hepliaklqana.
Hepliaklqana was noncommittal.
You visited 2 branches of the dungeon, and saw 7 of its levels.
You also visited: Ossuary.

You collected 261 gold pieces.

Inventory:

Hand Weapons
 a - a +1 long sword
 b - a +0 sling
 l - a +1 morningstar of protection (weapon)
Missiles
 d - 3 throwing nets (quivered)
 e - a javelin
 B - a boomerang of dispersal
 C - 2 poisoned darts
Armour
 c - a +0 hat (worn)
 r - a +0 pair of boots (worn)
 s - a +0 scale mail (worn)
Wands
 n - a wand of polymorph (11)
 q - a wand of paralysis (16)
 u - a wand of roots (10)
 w - a wand of mindburst (13)
Scrolls
 p - 2 scrolls of teleportation
 x - 2 scrolls of fear
 y - 4 scrolls of immolation
 A - a scroll of identify
Potions
 f - 3 potions of flight
 g - a potion of attraction {unknown}
 h - a potion of heal wounds {unknown}
 i - 2 potions of mutation
 j - a potion of might
 k - 3 potions of curing {unknown}
 m - 3 potions of brilliance
 o - a potion of haste
 t - a potion of magic {unknown}
 v - 2 potions of cancellation
 z - 2 potions of lignification {unknown}


   Skills:
 + Level 4.7 Fighting
 + Level 7.6 Long Blades
 + Level 2.8 Ranged Weapons
 + Level 2.0 Throwing
 + Level 5.5 Armour
 + Level 4.4 Dodging
 + Level 1.1 Stealth


You had 6 spell levels left.
You didn't know any spells.
Your spell library contained the following spells:

 Spells                   Type           Power      Damage    Failure   Level
 Tukima's Dance           Hex            0%         N/A       98%         3
 Passage of Golubria      Tloc           0%         N/A       100%        4
 Yara's Violent Unravell  Hex/Tmut       0%         3d3       100%        5


Dungeon Overview and Level Annotations

Branches:
Dungeon (6/15)             Temple (1/1) D:5         Ossuary (visited)

Altars:
Ashenzari
Cheibriados
Dithmenos
Elyvilon
Fedhas
Gozag
Hepliaklqana
Makhleb
Nemelex Xobeh
Okawaru
Ru
Sif Muna
Trog
Uskayaw
Wu Jian
Xom
Yredelemnul
Zin
The Shining One


Innate Abilities, Weirdness & Mutations

You have a pair of horns on your head.
You reflexively headbutt those who attack you in melee.


Message History

You furiously retaliate!
You headbutt the seven-headed hydra!! The seven-headed hydra bites you!
The seven-headed hydra bites you.
The seven-headed hydra bites you but does no damage. x4
You hit the seven-headed hydra.
The seven-headed hydra is heavily wounded.
The seven-headed hydra bites you but does no damage.
The seven-headed hydra completely misses you.
The seven-headed hydra barely misses you. x2
The seven-headed hydra bites you.
The seven-headed hydra barely misses you.
The seven-headed hydra bites you but does no damage.
You puncture the seven-headed hydra!
The seven-headed hydra is severely wounded.
The seven-headed hydra bites you but does no damage.
The seven-headed hydra bites you.
The seven-headed hydra closely misses you.
The seven-headed hydra bites you but does no damage.
The seven-headed hydra bites you.
* * * LOW HITPOINT WARNING * * *
The seven-headed hydra bites you but does no damage.
The seven-headed hydra barely misses you. x3
The seven-headed hydra bites you but does no damage. x2
The seven-headed hydra bites you.
* * * LOW HITPOINT WARNING * * *
The seven-headed hydra bites you!
* * * LOW HITPOINT WARNING * * *
The seven-headed hydra barely misses you.
Unknown command.
Okay, then.
Unknown command.
Unknown command.
Unknown command.
Unknown command.
You barely miss the seven-headed hydra.
The seven-headed hydra is severely wounded.
The seven-headed hydra bites you.
* * * LOW HITPOINT WARNING * * *
The seven-headed hydra bites you but does no damage.
The seven-headed hydra bites you.
You die...

####################
##########.....@DYl..........
.........#.##########.##.####
.#######.#.# #.....# #.#'###
### #.....# #.....###...
#Y....# #.....##.....#l....#
#.....##...l.'..8..+
#.#'####.....#.....# #.#.#
##...##.....#


You could see a seven-headed hydra, an ice beast and an iguana.

Vanquished Creatures
  Grinder (D:6)
  Edmund (D:5)
  A phantom (D:4)
  A necrophage (D:5)
  A howler monkey (D:5)
  A hound (D:4)
  A human zombie (Ossuary)
  2 orc priests (D:6)
  A centaur zombie (Ossuary)
  2 jellies
  Ijyb (D:5)
  2 iguanas
  Natasha (twice) (D:2)
  An orc wizard (D:5)
  4 mummies (Ossuary)
  An adder (D:2)
  2 white imps
  A worm (D:3)
  8 orcs
  3 ball pythons
  4 bats
  7 endoplasms
  5 giant cockroaches
  2 gnoll zombies (Ossuary)
  4 goblins
  6 hobgoblins
  3 jackals (D:2)
  3 quokkas
  6 frilled lizards
  A hobgoblin zombie (Ossuary)
  5 kobolds (D:3)
  A kobold zombie (Ossuary)
  2 orc zombies (Ossuary)
  11 rats
97 creatures vanquished.

Notes
Turn   | Place    | Note
-------+----------+-------------------------------------------
     0 | D:1      | Eitelfritz the Minotaur Gladiator began the quest for the
                  | Orb.
     0 | D:1      | Reached XP level 1. HP: 18/18 MP: 0/0
   387 | D:1      | Reached XP level 2. HP: 25/25 MP: 1/1
   418 | D:1      | Reached skill level 4 in Long Blades
   454 | D:1      | Found a faded altar of an unknown god.
  1129 | D:2      | Reached XP level 3. HP: 30/30 MP: 2/2
  1548 | D:2      | Noticed Natasha
  1564 | D:2      | Killed Natasha
  1565 | D:2      | Reached skill level 1 in Armour
  2022 | D:2      | Reached XP level 4. HP: 37/37 MP: 3/3
  2186 | D:2      | Noticed Natasha
  2192 | D:2      | Killed Natasha
  2193 | D:2      | Reached skill level 5 in Long Blades
  2621 | D:3      | Found a shadowy altar of Dithmenos.
  2825 | D:3      | Identified the +7 rapier of the Endless Expanse {drain, rC+
                  | Dex+6}
  3275 | D:4      | Reached XP level 5. HP: 45/45 MP: 4/4
  3346 | D:4      | Found a sand-covered staircase.
  3355 | Ossuary  | Entered an ossuary
  3568 | Ossuary  | Reached skill level 1 in Ranged Weapons
  3621 | Ossuary  | Reached skill level 6 in Long Blades
  3621 | Ossuary  | Reached XP level 6. HP: 34/51 MP: 5/5
  4602 | D:5      | Entered Level 5 of the Dungeon
  5114 | D:5      | Noticed Ijyb
  5119 | D:5      | Noticed Edmund
  5132 | D:5      | Killed Ijyb
  5133 | D:5      | Reached XP level 7. HP: 16/59 MP: 6/6
  5433 | D:5      | Killed Edmund
  5437 | D:5      | Reached skill level 7 in Long Blades
  5518 | D:5      | Found a broken altar of Ashenzari.
  5785 | D:5      | Found a staircase to the Ecumenical Temple.
  5791 | Temple   | Entered the Ecumenical Temple
  5805 | Temple   | Became a worshipper of Hepliaklqana the Forgotten
  6308 | D:6      | Noticed Grinder
  6334 | D:6      | Killed Grinder
  6335 | D:6      | Reached skill level 5 in Armour
  6335 | D:6      | Reached skill level 1 in Stealth
  6431 | D:6      | Noticed a seven-headed hydra
  6448 | D:6      | HP: 1/60 [seven-headed hydra (3)]
  6448 | D:6      | Slain by a seven-headed hydra

Illustrated notes

Levels and vault maps discovered:
D:1:      minmay_arrival_four_houses, layout_basic,
          chequers_ecumenical_altar_lobes
D:2:      layout_loops_corners, kennysheep_decorative_pillar, minivault_14,
          uniq_natasha
D:3:      layout_loops_cross, grunt_dithmenos_smoke_and_mirrors,
          minmay_checkerbox
D:4:      layout_cave_pools, lightli_ossuary_entry_decrepit_ruins, minivault_14,
          minmay_distorted
D:5:      layout_basic, nicolae_ashenzari_skybound, minmay_temple_entry_hall,
          uniq_edmund, uniq_ijyb
D:6:      layout_basic, mainiacjoe_overflow_concentric_impassable, st_stairs_7,
          minmay_three_doors, uniq_grinder
Temple:   nicolae_temple_bog_church

Skill      XL: |  1  2  3  4  5  6  7 |
---------------+----------------------+-----
Long Blades    | 4 5 6 7 |  7.6
Armour         | 1 2 3 5 |  5.5
Dodging        | 4 |  4.4
Fighting       | 3 4 |  4.7
Ranged Weapons | 1 2 |  2.8
Stealth        | 1 |  1.1
Throwing       | |  2.0

Action                   |  1- 3 |  4- 6 |  7- 9 || total
-------------------------+-------+-------+-------++-------
Melee: Long sword        |    48 |   188 |    20 ||   256
       Headbutt          |     4 |    35 |     9 ||    48
       Punch             |     1 |       |       ||     1
       Morningstar       |       |       |     4 ||     4
 Fire: Sling             |       |    36 |     5 ||    41
  Use: Scroll            |       |    12 |       ||    12
       Potion            |       |       |     4 ||     4
Armor: Leather armour    |    12 |       |       ||    12
       Ring mail         |     3 |    48 |       ||    51
       Scale mail        |       |     9 |    24 ||    33
Dodge: Dodged            |    36 |    94 |    29 ||   159
